 Dungeon Crawl Stone Soup version 0.25-a0-443-gece2dee (webtiles) character file.

Game seed: 17914757978857766529, levelgen mode: deterministic

174 Coldstonesans the Ducker (level 5, -9/25 HPs)
             Began as a Felid Monk on Jan 30, 2020.
             Killed from afar by Duvessa (13 damage)
             ... with a puff of flame
             ... on level 4 of the Dungeon.
             The game lasted 00:06:52 (3875 turns).

Coldstonesans the Ducker (Felid Monk)               Turns: 3875, Time: 00:06:55

Health: -9/25      AC:  1    Str:  7    XL:     5   Next: 28%
Magic:  6/6        EV: 22    Int: 11    God:
Gold:   174        SH:  0    Dex: 20    Spells: 4/4 levels left
                                        Lives:  0   Deaths: 1

rFire    . . .     SeeInvis +     - Unarmed
rCold    . . .     Gourm    .   (shield unavailable)
rNeg     . . .     Faith    .   (armour unavailable)
rPois    .         Spirit   .   (helmet unavailable)
rElec    .         Reflect  .   (cloak unavailable)
rCorr    .         Harm     +   (gloves unavailable)
MR       .....                  (boots unavailable)
Stlth    +++.......             b - amulet of harm
HPRegen  0.08/turn              (no ring)
MPRegen  0.10/turn              (no ring)

@: quick
A: very small, no armour, no weapons or thrown items, stealth, claws 1, fangs 3,
see invisible, carnivore, speed 1, shaggy fur 1, slow metabolism 1, sharp paws
a: no special abilities


You were on level 4 of the Dungeon.
You were very full.

You visited 1 branch of the dungeon, and saw 4 of its levels.

You collected 174 gold pieces.

Inventory:

Jewellery
 b - an amulet of harm (around neck)
Wands
 o - a wand of polymorph (6)
Scrolls
 h - 4 scrolls of identify {unknown}
 j - 7 scrolls of amnesia {unknown}
 l - 2 scrolls of fear {unknown}
 m - 3 scrolls of remove curse {unknown}
 p - a scroll of enchant armour {unknown}
Potions
 c - 2 potions of curing {unknown}
 d - 2 potions of agility {unknown}
 e - a potion of mutation {unknown}
 f - a potion of flight {unknown}
 g - a potion of haste {unknown}
 i - a potion of lignification {unknown}
 k - a potion of brilliance {unknown}
 q - a potion of heal wounds {unknown}
Comestibles
 a - 3 rations


   Skills:
 + Level 3.9 Fighting
 * Level 5.6 Dodging
 + Level 4.4 Stealth
 + Level 4.4 Unarmed Combat


You had 4 spell levels left.
You didn't know any spells.
Your spell library contained the following spells:

 Spells                   Type           Power        Failure   Level  Hunger
 Infusion                 Chrm           #...         34%         1    ##.....
 Airstrike                Air            #.........   98%         4    #####..
 Lightning Bolt           Conj/Air       #.........   100%        5    ######.
 Spectral Weapon          Hex/Chrm       Unusable     N/A         3    N/A

Dungeon Overview and Level Annotations

Branches:
Dungeon (4/15)
 Temple: D:4-7

Altars:
Qazlal
Ru

Annotations:
D:4 Dowan, Duvessa


Innate Abilities, Weirdness & Mutations

You cannot wear armour.
You are incapable of wielding weapons or throwing items.
Your paws allow you to move quietly. (Stealth)
You have sharp claws.
You have razor-sharp teeth.
You have supernaturally acute eyesight. (SInv)
You are carnivorous and can eat meat at any time.
You cover ground quickly.
You are covered in fur. (AC +1)
You have a slow metabolism.
Your sharp claws are effective at attacking unaware monsters.


Message History

Duvessa zaps a wand.
The puff of flame misses you.
Evoke which item? (* to show all) (? for menu, Esc to quit)
Okay, then.
Evoke which item? (* to show all) (? for menu, Esc to quit)
Aiming: Corrosive Bolt
Press: ? - help, Shift-Dir - straight line, f/p - Dowan
Aim: Dowan, wielding a +0 vampiric dagger and wearing a +0 robe (almost dead)
The bolt of acid misses Duvessa.
The bolt of acid misses Dowan.
Duvessa zaps a wand.
The puff of flame misses you. Duvessa barely misses you.
Evoke which item? (* to show all) (? for menu, Esc to quit)
Aiming: Corrosive Bolt
Press: ? - help, Shift-Dir - straight line, f/p - Dowan
Aim: Dowan, wielding a +0 vampiric dagger and wearing a +0 robe (almost dead)
The bolt of acid hits Duvessa!
Duvessa is splashed with acid.
Duvessa seems to be corroded for longer.
Duvessa is almost dead.
The bolt of acid misses Dowan.
The now-empty wand crumbles to dust.
Duvessa zaps a wand.
The puff of flame hits you!
Ouch! That really hurt!
You die...

#######################++######
≈≈≈≈≈≈≈≈≈≈≈≈≈≈≈≈≈≈≈≈≈≈....≈≈≈≈≈
≈≈≈≈≈≈≈≈≈≈≈≈≈≈≈≈≈≈≈≈≈≈.....≈≈≈≈
≈≈≈≈≈≈≈≈≈≈≈≈≈≈≈≈≈≈≈≈≈≈.)..≈≈≈≈≈
.≈≈.≈≈≈≈≈≈≈≈≈.≈≈.≈≈..≈..)).≈≈..
.............e.................
...$.........e.................
.....#....####@.##..........#..
.... ##.### #.......###.###.(.#
.. #.# #...#.......##..### #.#
###.#..#.≈..♣..###. ..#
#.≈≈.#..≈#≈≈..... .##
..≈.≈.≈..#≈≈.#... #.
......≈♣≈♣.........
.##.≈..≈≈...≈≈.#.).
##≈≈≈≈...≈.≈.....


You could see Duvessa and Dowan.

Vanquished Creatures
  An ogre (D:4)
  An iguana (D:4)
  Robin (D:4)
  4 adders (D:3)
  An ooze (D:1)
  2 worms
  A dart slug (D:1)
  An orc (D:3)
  5 bats
  4 giant cockroaches
  4 hobgoblins
  6 kobolds
  A quokka (D:3)
  4 frilled lizards
  20 goblins
  3 rats
59 creatures vanquished.

Notes
Turn   | Place    | Note
-------+----------+-------------------------------------------
     0 | D:1      | Coldstonesans the Felid Monk began the quest for the Orb.
     0 | D:1      | Reached XP level 1. HP: 10/10 MP: 2/2
   203 | D:1      | Reached XP level 2. HP: 14/14 MP: 3/3
   766 | D:2      | Reached XP level 3. HP: 13/17 MP: 4/4
  2138 | D:3      | Found a sacrificial altar of Ru.
  2155 | D:3      | Reached XP level 4. HP: 20/21 MP: 5/5
  2826 | D:3      | Found a stormy altar of Qazlal.
  2873 | D:4      | Noticed Robin
  3439 | D:3      | Slain by a hobgoblin
  3440 | D:3      | Reached XP level 3. HP: 0/17 MP: 4/4
  3551 | D:4      | Killed Robin
  3555 | D:4      | Noticed an ogre
  3571 | D:4      | Identified Sif Muna's Reference Book on the Helpful Birds
  3602 | D:4      | Killed an ogre
  3602 | D:4      | Reached skill level 5 in Dodging
  3602 | D:4      | Reached XP level 4. HP: 19/22 MP: 5/5
  3602 | D:4      | Reached XP level 5. HP: 22/25 MP: 6/6
  3861 | D:4      | Noticed Dowan
  3863 | D:4      | Noticed Duvessa
  3875 | D:4      | Killed from afar by Duvessa

Levels and vault maps discovered:
D:1:      dpeg_arrival_arbitrary_c, layout_basic
D:2:      layout_basic, first_ration, grunt_decor_cap, minmay_pentomino_q4
D:3:      layout_basic, old_standard_altar, nicolae_overflow_hidden_temple,
          nicolae_qazlal_eye_of_the_storm
D:4:      minmay_goblin_kobold_castle, layout_rooms, moated_statue,
          chequers_serial_rivers_marsh, grunt_ministairs_15, uniq_duvessa,
          uniq_natasha, uniq_eustachio, uniq_robin

Skill      XL: |  1  2  3  4 |
---------------+-------------+-----
Stealth        | 3 4 |  4.4
Unarmed Combat | 4 |  4.4
Dodging        | 5 |  5.6
Fighting       | |  3.9

Action                   |  1- 3 |  4- 6 || total
-------------------------+-------+-------++-------
Melee: Unarmed           |    92 |    50 ||   142
       Bite              |     7 |     5 ||    12
       Punch             |     1 |       ||     1
Evoke: Wand              |     4 |     3 ||     7
 Stab: Sleeping          |    13 |     5 ||    18
       Distracted        |       |     1 ||     1
  Eat: Chunk             |     1 |     8 ||     9
Armor: Skin              |     3 |       ||     3
Dodge: Dodged            |    53 |    39 ||    92

Table legend:
 A = Non-vault XP
 B = Vault XP
 C = Vault XP percentage of total XP
 D = Non-vault monster count
 E = Vault monster count
 F = Vault count percentage of total count
                 A         B        C        D         E       F
            +---------+---------+-------+---------+---------+-------
      Total |     285 |      41 |  12.6 |      43 |      16 |  27.1
            +---------+---------+-------+---------+---------+-------
        D:1 |      40 |       0 |   0.0 |      19 |       0 |   0.0
        D:2 |      12 |       3 |  20.0 |       5 |       3 |  37.5
        D:3 |      76 |      10 |  11.6 |      16 |       5 |  23.8
        D:4 |     157 |      28 |  15.1 |       3 |       8 |  72.7
            +---------+---------+-------+---------+---------+-------
